 Dungeon Crawl Stone Soup version 0.30.0-5-g1a98f26d00 (webtiles) character file.

Game seed: 12040375670798250863

1198 ProzacElf the Ruffian (level 8, -2/74 HPs)
             Began as a Troll Delver on May 10, 2023.
             Was a Believer of Uskayaw.
             Slain by an orc wizard
             ... wielding a +0 dagger
              (5 damage)
             ... on level 6 of the Dungeon.
             The game lasted 00:08:45 (3197 turns).

ProzacElf the Ruffian (Troll Delver)                Turns: 3197, Time: 00:08:46

Health: -2/74      AC: -8    Str: 23    XL:     8   Next: 20%
Magic:  10/10      EV: 15    Int:  6    God:    Uskayaw [**....]
Gold:   297        SH:  0    Dex: 11    Spells: 7/7 levels left

rFire   . .          .
                       - Unarmed
rCold   . . .        (no shield)
rNeg    + . .        a - +0 robe
rPois   .            (helmet restricted)
rElec   .            k - scarf {repulsion}
rCorr   .            (gloves unavailable)
SInv    .            (boots unavailable)
Will    .....        m - amulet of magic regeneration
Stlth   ++           u - +5 ring of evasion {=R}
HPRegen 1.12/turn    B - ring of positive energy
MPRegen 0.52/turn

%: repel missiles
@: brilliant, corroded, flying
A: large, unfitting armour, claws 3, regeneration 1, shaggy fur 1, tough skin 1
a: Renounce Religion, Stomp, Line Pass


You were on level 6 of the Dungeon.
You worshipped Uskayaw.
Uskayaw was noncommittal.
You visited 1 branch of the dungeon, and saw 6 of its levels.

You collected 297 gold pieces.

Inventory:

Missiles
 q - 3 boomerangs of dispersal (quivered)
 x - a throwing net
 z - 12 poisoned darts
Armour
 a - a +0 robe (worn)
 k - a scarf of repulsion (worn)
Jewellery
 m - an amulet of magic regeneration (around neck)
 u - a +5 ring of evasion (left claw) {=R}
 y - a ring of magical power
 B - a ring of positive energy (right claw)
Wands
 f - a wand of digging (3)
 t - a wand of quicksilver (9)
Scrolls
 b - 2 scrolls of fog
 c - a scroll of magic mapping
 d - 3 scrolls of fear
 g - 5 scrolls of identify {unknown}
 l - 2 scrolls of brand weapon {unknown}
 p - 2 scrolls of teleportation {unknown}
 r - 3 scrolls of vulnerability {unknown}
 s - a scroll of enchant weapon {unknown}
 v - a scroll of amnesia {unknown}
 A - 2 scrolls of noise {unknown}
 C - a scroll of summoning {unknown}
Potions
 e - a potion of haste
 h - 2 potions of flight
 n - a potion of degeneration {unknown}
 o - a potion of might {unknown}
 w - 2 potions of lignification {unknown}
 D - a potion of invisibility {unknown}


   Skills:
 - Level 2.4 Fighting
 - Level 1.9 Dodging
 - Level 3.2 Stealth
 + Level 7.6 Unarmed Combat
 - Level 5.0 Invocations


You had 7 spell levels left.
You didn't know any spells.
Your spell library contained the following spells:

 Spells                   Type           Power      Damage    Failure   Level
 Kiss of Death            Conj/Necr      0%         2d5       45%         1
 Cigotuvi's Dreadful Rot  Necr/Pois/Air  0%         N/A       58%         2
 Confusing Touch          Hex            0%         N/A       83%         3
 Ignite Poison            Fire/Tmut/Pois 0%         N/A       83%         3
 Dispel Undead            Necr           0%         3d6       99%         4
 Freezing Cloud           Conj/Ice/Air   0%         6-21      100%        5


Dungeon Overview and Level Annotations

Branches:
Dungeon (6/15)             Temple (0/1) D:4

Altars:
Ashenzari
Cheibriados
Hepliaklqana
Okawaru
Ru
Trog
Uskayaw
Vehumet
Wu Jian
Xom

Annotations:
D:4 exclusion: black bear


Innate Abilities, Weirdness & Mutations

You are too large for most types of armour.
You have claws for hands.
Your natural rate of healing is unusually fast.
You are covered in fur. (AC +1)
You have tough skin. (AC +1)


Message History

A puff o' flame appears from outta thin air!
Tha puff o' flame hits ye!
Tha jelly hits ye.
Tha acid corrodes ye!
Ye be splashed wit' acid!
Ye hear some strange, mumbled words.
Ye be more confused.
Ye take 21 damage, an' haf 24/74 hp.
MASSIVE DAMAGE!!
Ye claw somethin'!
Somethin' hits ye.
* * * LOW HITPOINT WARNIN'
* * * Tha jelly barely misses ye.
Ye hear some strange, mumbled words.
A puff o' flame appears from outta thin air!
Tha puff o' flame hits ye.
* * * LOW HITPOINT WARNIN'
* * * Ye take 8 damage, an' haf 16/74 hp.
It was a potion o' flight.
Ye feel very buoyant.
Ye fly up inta tha air.
Somethin' barely misses ye.
Tha jelly hits ye.
* * * LOW HITPOINT WARNIN'
* * * Ye be splashed wit' acid!
* * * LOW HITPOINT WARNIN'
* * * Somethin' hits ye.
* * * LOW HITPOINT WARNIN'
* * * Ye take 12 damage, an' haf 4/74 hp.
Okay, than.
It was a potion o' curin'.
Ye feel better.
Ye hear some strange, mumbled words.
Somethin' tries ta affect ye, but ye resist.
Tha jelly hits ye.
* * * LOW HITPOINT WARNIN'
* * * Tha acid corrodes ye!
Ye be splashed wit' acid.
* * * LOW HITPOINT WARNIN'
* * * Somethin' hits ye.
* * * LOW HITPOINT WARNIN'
* * * Ye regain'd 2 hp, an' now haf 6/74 hp.
It was a potion o' brilliance.
Ye feel cle'er all o' a sudd'n.
Somethin' hits ye.
* * * LOW HITPOINT WARNIN'
* * * Somethin' hits ye.
Ye die...

...........###)..).
######.##..#######
#...###.......#
#.### #######..
###########†# #
.....#......#
............##
.............#
.......J@....#
......){{....#
......)......#
.............#
.............#
............##
.....#.....##
############


You could see a jelly.

Vanquished Creatures
  Eustachio (D:5)
  A steam dragon (D:4)
  2 centaurs (D:5)
  A phantom (D:4)
  A kobold brigand (D:6)
  A bullfrog (D:6)
  4 scorpions
  A hound (D:4)
  3 jellies
  An iguana (D:6)
  A sleepcap (D:6)
  An orc wizard (D:5)
  5 adders
  An ufetubus (D:4)
  2 worms
  4 dart slugs
  12 orcs
  7 ball pythons
  3 endoplasms
  4 giant cockroaches
  6 hobgoblins
  A jackal (D:4)
  14 kobolds
  3 quokkas
  6 bats
  5 frilled lizards
  8 goblins
  5 rats
104 creatures vanquished.

Vanquished Creatures (others)
  A giant cockroach (D:4)
  3 jackals (D:4)
4 creatures vanquished.

Grand Total: 108 creatures vanquished

Notes
Turn   | Place    | Note
-------+----------+-------------------------------------------
     0 | D:5      | ProzacElf the Troll Delver began the quest for the Orb.
     0 | D:5      | Reached XP level 1. HP: 22/22 MP: 0/0
     4 | D:5      | Found a broken altar of Ashenzari.
     6 | D:5      | Noticed a jelly
   163 | D:4      | Reached XP level 2. HP: 29/29 MP: 1/1
   347 | D:1      | Reached XP level 3. HP: 36/36 MP: 2/2
   423 | D:1      | Reached skill level 3 in Unarmed Combat
   955 | D:2      | Reached XP level 4. HP: 44/44 MP: 3/3
  1559 | D:3      | Found an ornate altar of the Wu Jian Council.
  1559 | D:3      | Found a snail-covered altar of Cheibriados.
  1559 | D:3      | Found a bloodstained altar of Trog.
  1559 | D:3      | Found a hazy altar of Hepliaklqana.
  1566 | D:3      | Found an iron altar of Okawaru.
  1566 | D:3      | Found a hide-covered altar of Uskayaw.
  1585 | D:3      | Became a worshipper of Uskayaw the Reveller
  1786 | D:4      | Noticed a black bear
  1846 | D:5      | Noticed a scorpion
  1852 | D:5      | Reached * piety under Uskayaw
  1854 | D:5      | Reached ** piety under Uskayaw
  1861 | D:5      | Killed a scorpion
  1862 | D:5      | Reached skill level 4 in Unarmed Combat
  1862 | D:5      | Reached skill level 1 in Invocations
  1862 | D:5      | Reached XP level 5. HP: 40/50 MP: 4/4
  1885 | D:5      | Found a shimmering altar of Xom.
  1887 | D:5      | Noticed a centaur
  1905 | D:5      | Reached *** piety under Uskayaw
  1907 | D:5      | Reached **** piety under Uskayaw
  1909 | D:5      | Killed a centaur
  1910 | D:5      | Reached XP level 6. HP: 32/59 MP: 6/6
  1958 | D:5      | Noticed Eustachio
  1978 | D:5      | Killed Eustachio
  1979 | D:5      | Reached skill level 5 in Unarmed Combat
  2261 | D:5      | Reached XP level 7. HP: 61/66 MP: 8/8
  2500 | D:4      | Found a staircase to the Ecumenical Temple.
  2788 | D:4      | Noticed a steam dragon
  2795 | D:4      | Reached skill level 6 in Unarmed Combat
  2802 | D:4      | Killed a steam dragon
  2963 | D:6      | Found a sacrificial altar of Ru.
  3071 | D:6      | Reached skill level 5 in Invocations
  3095 | D:6      | Reached XP level 8. HP: 65/74 MP: 10/10
  3107 | D:6      | Found a radiant altar of Vehumet.
  3117 | D:6      | Reached skill level 7 in Unarmed Combat
  3197 | D:6      | HP: 3/74 [something (4)]
  3197 | D:6      | Slain by an orc wizard

Illustrated notes

Levels and vault maps discovered:
D:1:      minmay_arrival_radiant_lines, layout_rooms
D:2:      layout_rooms, minmay_misc_feat_pillars, nrook_campfire
D:3:      layout_loops_ring, minmay_overflow_temple_hex
D:4:      layout_rooms, minmay_temple_entry_overgrown
D:5:      layout_loops_ring, mainiacjoe_overflow_cross_hatched,
          ashenzari_conservatory_becter, eino_tiny_chamber,
          kennysheep_generic_room_3, uniq_eustachio
D:6:      layout_rooms, nicolae_ru_great_annihilating_truth, vehumet_crystals,
          nicolae_figureground_sparkle

Skill      XL: |  1  2  3  4  5  6  7  8 |
---------------+-------------------------+-----
Stealth        | 3 |  3.2
Unarmed Combat | 3 4 5 6 7 |  7.6
Invocations    | 1 2 3 5 |  5.0
Fighting       | |  2.4
Dodging        | |  1.9

Action                     |  1- 3 |  4- 6 |  7- 9 || total
---------------------------+-------+-------+-------++-------
  Melee: Unarmed           |   110 |    83 |   139 ||   332
         Punch             |       |       |     8 ||     8
    Use: Potion            |       |       |     3 ||     3
   Stab: Sleeping          |     8 |     2 |     2 ||    12
         Paralysed         |       |     5 |     8 ||    13
 Armour: Robe              |    44 |    16 |    19 ||    79
  Dodge: Dodged            |    47 |    73 |   105 ||   225
         Repelled          |       |     1 |     2 ||     3

Action                     |  1- 3 |  4- 6 |  7- 9 || total
---------------------------+-------+-------+-------++-------
  Melee: Unarmed           |   110 |    83 |   139 ||   332
         Punch             |       |       |     8 ||     8
    Use: Potion            |       |       |     3 ||     3
   Stab: Sleeping          |     8 |     2 |     2 ||    12
         Paralysed         |       |     5 |     8 ||    13
 Armour: Robe              |    44 |    16 |    19 ||    79
  Dodge: Dodged            |    47 |    73 |   105 ||   225
         Repelled          |       |     1 |     2 ||     3

Levels and vault maps discovered:
D:1:      minmay_arrival_radiant_lines, layout_rooms
D:2:      layout_rooms, minmay_misc_feat_pillars, nrook_campfire
D:3:      layout_loops_ring, minmay_overflow_temple_hex
D:4:      layout_rooms, minmay_temple_entry_overgrown
D:5:      layout_loops_ring, mainiacjoe_overflow_cross_hatched,
          ashenzari_conservatory_becter, eino_tiny_chamber,
          kennysheep_generic_room_3, uniq_eustachio
D:6:      layout_rooms, nicolae_ru_great_annihilating_truth, vehumet_crystals,
          nicolae_figureground_sparkle
